 Dungeon Crawl Stone Soup version 0.30-b1-2-g02819fbbbe (webtiles) character file.

Game seed: 13305843413174433458

35676 raph the Impaler (level 13, 0/102 HPs)
             Began as a Minotaur Fighter on Dec 26, 2023.
             Was a High Priest of Hepliaklqana.
             Slain by a death yak (17 damage)
             ... on level 5 of the Lair of Beasts.
             The game lasted 00:24:21 (16469 turns).

raph the Impaler (Minotaur Fighter)                Turns: 16469, Time: 00:24:21

Health: 0/102      AC: 18    Str: 26    XL:     13   Next: 48%
Magic:  16/18      EV: 16    Int:  5    God:    Hepliaklqana [*****.]
Gold:   871        SH:  5    Dex: 22    Spells: 12/12 levels left

rFire   + + .        a - +3 glaive (flame)
rCold   x . .        (shield currently unavailable)
rNeg    . . .        K - +0 fire dragon scales
rPois   +            (helmet restricted)
rElec   .            B - +1 cloak {rPois}
rCorr   .            q - +1 pair of gloves
SInv    .            R - +0 pair of boots
Will    .....        Q - amulet of reflection Stlth
                     y - +6 ring of dexterity
HPRegen 0.37/turn    H - +6 ring of strength
MPRegen 0.16/turn

%: reflection
@: hasted, studying Armour, very quick
A: reduced essence, horns 2, retaliatory headbutt
a: Renounce Religion, Recall Ancestor, Ancestor Identity, Transference, Idealise


You were on level 5 of the Lair of Beasts.
You worshipped Hepliaklqana.
Hepliaklqana was extremely pleased with you.
You visited 2 branches of the dungeon, and saw 14 of its levels.
You also visited: Volcano.

You collected 1019 gold pieces.
You spent 148 gold pieces at shops.

Inventory:

Hand Weapons
 a - a +3 glaive of flaming (weapon)
 I - a +3 halberd of freezing
 N - a +1 longbow of flaming
Missiles
 c - 5 javelins
 n - 21 poisoned darts
 r - 2 datura-tipped darts
 x - 4 silver boomerangs (quivered)
 F - 2 curare-tipped darts
Armour
 q - a +1 pair of gloves (worn)
 B - a +1 cloak of poison resistance (worn)
 K - +0 fire dragon scales (worn)
 O - a +3 chain mail of fire resistance
 R - a +0 pair of boots (worn)
Jewellery
 d - a ring of flight
 t - a +6 ring of intelligence
 u - an amulet of guardian spirit
 v - a ring of resist corrosion
 w - a ring of ice
 y - a +6 ring of dexterity (left hand)
 H - a +6 ring of strength (right hand)
 Q - an amulet of reflection (around neck)
Wands
 k - a wand of mindburst (34)
 o - a wand of flame (38)
 D - a wand of iceblast (9)
 J - a wand of paralysis (3)
Scrolls
 b - 2 scrolls of blinking
 e - 7 scrolls of teleportation
 i - 2 scrolls of fear
 s - a scroll of brand weapon
 M - 3 scrolls of fog
Potions
 f - 2 potions of berserk rage
 g - 2 potions of mutation
 h - 11 potions of curing
 m - 4 potions of lignification
 p - 2 potions of flight
 z - a potion of magic {unknown}
 A - a potion of cancellation
 E - 7 potions of heal wounds
 G - 3 potions of brilliance {unknown}
 L - a potion of haste
 P - a potion of might
Miscellaneous
 C - a phial of floods (inert)


   Skills:
 + Level 10.5 Fighting
 * Level 17.7 Polearms
 + Level 8.1 Throwing
 + Level 11.4 Armour
 + Level 9.0 Dodging
 - Level 3.6 Shields
 + Level 8.1 Invocations


You had 12 spell levels left.
You didn't know any spells.
Your spell library contained the following spells:

 Spells                   Type           Power      Damage    Failure   Level
 Apportation              Tloc           0%         N/A       75%         1
 Blink                    Tloc           0%         N/A       87%         2
 Cigotuvi's Dreadful Rot  Necr/Pois/Air  0%         N/A       87%         2
 Lesser Beckoning         Tloc           0%         N/A       87%         2
 Momentum Strike          Conj/Tloc      0%         3d8       87%         2
 Gell's Gravitas          Tloc           0%         N/A       98%         3
 Teleport Other           Tloc           0%         N/A       98%         3
 Dispel Undead            Necr           0%         3d6       100%        4
 Manifold Assault         Tloc           0%         N/A       100%        4
 Alistair's Intoxication  Tmut/Pois      0%         N/A       100%        5
 Death Channel            Necr           0%         N/A       100%        6
 Dispersal                Tloc           0%         N/A       100%        6
 Disjunction              Tloc           0%         N/A       100%        8


Dungeon Overview and Level Annotations

Branches:
Dungeon (9/15)             Temple (0/1) D:5            Lair (5/5) D:9
  Swamp (0/4) Lair:3       Spider (0/4) Lair:2        Slime (0/5) Lair:4
    Orc (0/2) D:9         Volcano (visited)

Altars:
Cheibriados
Dithmenos
Elyvilon
Fedhas
Hepliaklqana
Nemelex Xobeh
Trog
Wu Jian
Jiyva

Shops:
D:7 :   D:8 :   D:9 [

Annotations:
D:8 dig
Lair:5 3 runed translucent doors, emiel's ghost, journeyman DsBe


Innate Abilities, Weirdness & Mutations

Your life essence is reduced to manifest your ancestor. (-10% HP)
You have a pair of horns on your head.
You reflexively headbutt those who attack you in melee.


Message History

You kill the death yak!
You slash the death yak! You burn the death yak.
The death yak is lightly wounded.
The death yak gores you but does no damage.
You barely miss the death yak.
The death yak is lightly wounded.
You hit the death yak. You burn the death yak.
The death yak is moderately wounded.
The death yak misses you. The death yak gores you!
You hit the death yak but do no damage.
The death yak is lightly wounded.
The death yak barely misses you. The death yak gores you!
You slice the death yak!! You burn the death yak.
You headbutt the death yak, but do no damage.
The death yak is heavily wounded.
You slash the death yak! You burn the death yak.
The death yak is almost dead.
The death yak gores you but does no damage.
The death yak closely misses you.
You slice the death yak!! You burn the death yak.
You kill the death yak!
Your Dodging skill increases to level 9!
You slice the death yak!! You burn the death yak.
The death yak is moderately wounded.
The death yak closely misses you. You furiously retaliate!
You headbutt the death yak. You hit the death yak. You burn the death yak.
Your headbutt misses the death yak.
The death yak is heavily wounded.
You barely miss the death yak.
The death yak is heavily wounded.
The death yak barely misses you. You furiously retaliate!
You headbutt the death yak! The death yak gores you!!
* * * LOW HITPOINT WARNING * * *
You hit the death yak. You burn the death yak. You headbutt the death yak!
The death yak is severely wounded.
You slash the death yak! You burn the death yak.
The death yak is severely wounded.
The death yak gores you!
You die...

#..P# ...#..8
#.÷..#
##..##.....÷.
P...##
##..#......
##.#÷...#
##...÷.#
#P.P..##...
#..........
##YY.######
#@### ###


You could see 2 death yaks.

Vanquished Creatures
  A hydra (Lair:5)
  A catoblepas (Lair:4)
  A two-headed ogre (D:8)
  4 death yaks (Lair:5)
  A skyshark (Lair:2)
  4 lindwurms
  Pikel (D:5)
  An oklob plant (Lair:3)
  2 elephants
  3 black mambas
  12 cane toads
  3 smoke demons (Volcano)
  Maggie (D:8)
  5 komodo dragons
  A rime drake (Lair:2)
  4 polar bears
  12 blink frogs
  Grinder (D:3)
  2 culicivoras (Lair:2)
  3 wyverns
  4 hogs (Lair:4)
  3 basilisks
  12 yaks
  8 steam dragons
  2 hell hounds (Volcano)
  14 water moccasins
  An ice beast (D:7)
  2 black bears
  4 wolves
  3 centaurs
  An ogre (D:5)
  A kobold brigand (D:3)
  9 bullfrogs
  A gnoll sergeant (D:6)
  4 scorpions
  2 wights (D:9)
  2 howler monkeys
  An orc priest (D:4)
  A gnoll bouda (D:4)
  2 sleepcaps (D:6)
  Jessica (D:3)
  2 iguanas
  Ijyb (D:3)
  5 orc wizards
  Natasha (thrice) (D:3)
  Robin (D:2)
  7 gnolls
  4 adders
  A white imp (D:7)
  An ufetubus (D:6)
  A worm (D:3)
  3 dart slugs
  17 orcs
  3 ball pythons
  2 bats
  4 endoplasms
  A giant cockroach (D:3)
  20 goblins
  4 hobgoblins
  7 jackals (D:4)
  4 kobolds
  4 quokkas
  2 frilled lizards
  3 rats
241 creatures vanquished.

Vanquished Creatures (collateral kills)
  Kirke (Lair:4)
  A fire dragon (Volcano)
  A catoblepas (Lair:5)
  A skyshark (Lair:3)
  2 elephants (Lair:5)
  4 cane toads
  3 komodo dragons
  3 blink frogs
  2 culicivoras (Lair:2)
  A wyvern (D:9)
  2 yaks (Lair:2)
  A basilisk (Lair:1)
  3 steam dragons (Volcano)
  2 water moccasins
  2 black bears
  4 wolves
  2 ogres
  5 bullfrogs
  A gnoll sergeant (D:8)
  3 wights (D:9)
  A howler monkey (D:7)
  A hound (D:7)
  2 orc wizards (D:4)
  7 gnolls
  An ufetubus (D:5)
  9 orcs
  A jackal (D:4)
  A kobold (D:4)
  2 butterflies (Lair:3)
69 creatures vanquished.

Vanquished Creatures (others)
  A bullfrog (Lair:4)
  An orc wizard (D:5)
  5 battlemagi
  2 gnolls (D:4)
  An ancestor (D:5)
  2 orcs
  8 fungi
  18 plants
38 creatures vanquished.

Grand Total: 348 creatures vanquished

Notes
Turn   | Place    | Note
-------+----------+-------------------------------------------
     0 | D:1      | raph the Minotaur Fighter began the quest for the Orb.
     0 | D:1      | Reached XP level 1. HP: 19/19 MP: 0/0
   147 | D:1      | Reached skill level 3 in Polearms
   488 | D:1      | Reached XP level 2. HP: 25/26 MP: 1/1
   974 | D:2      | Reached skill level 4 in Polearms
  1292 | D:2      | Noticed Robin
  1298 | D:2      | Reached XP level 3. HP: 27/31 MP: 2/2
  1305 | D:2      | Killed Robin
  1501 | D:2      | Found a hazy altar of Hepliaklqana.
  1509 | D:2      | Became a worshipper of Hepliaklqana the Forgotten
  1655 | D:3      | Found a shadowy altar of Dithmenos.
  1658 | D:3      | Noticed Natasha
  1667 | D:3      | Killed Natasha
  1668 | D:3      | Reached skill level 5 in Polearms
  1668 | D:3      | Reached XP level 4. HP: 20/39 MP: 3/3
  2009 | D:3      | Noticed a kobold brigand
  2017 | D:3      | Killed a kobold brigand
  2018 | D:3      | Reached skill level 6 in Polearms
  2018 | D:3      | Reached XP level 5. HP: 34/45 MP: 4/4
  2231 | D:3      | Found a faded altar of an unknown god.
  2235 | D:3      | Found an ornate altar of the Wu Jian Council.
  2269 | D:3      | Noticed Natasha
  2278 | D:3      | Killed Natasha
  2302 | D:3      | Noticed Grinder
  2312 | D:3      | Paralysed by Grinder for 3 turns
  2317 | D:3      | Killed Grinder
  2318 | D:3      | Reached skill level 8 in Polearms
  2318 | D:3      | Reached XP level 6. HP: 32/51 MP: 5/5
  2395 | D:3      | Noticed Natasha
  2405 | D:3      | Killed Natasha
  2867 | D:3      | Noticed Jessica
  2870 | D:3      | Killed Jessica
  3176 | D:3      | Reached skill level 9 in Polearms
  3226 | D:4      | Found a bloodstained altar of Trog.
  3230 | D:4      | Noticed Ijyb
  3404 | D:3      | Killed Ijyb
  3405 | D:3      | Reached XP level 7. HP: 41/57 MP: 6/6
  3726 | D:4      | Found a hazy altar of Hepliaklqana.
  3726 | D:4      | Reached * piety under Hepliaklqana
  3938 | D:4      | Reached skill level 10 in Polearms
  4214 | D:4      | Found a blossoming altar of Fedhas.
  4276 | D:5      | Entered Level 5 of the Dungeon
  4314 | D:5      | Found a sparkling altar of Nemelex Xobeh.
  4322 | D:5      | Reached skill level 11 in Polearms
  4396 | D:5      | Reached XP level 8. HP: 10/57 MP: 7/7
  4882 | D:5      | Noticed Pikel
  5187 | D:5      | Killed Pikel
  5188 | D:5      | Reached skill level 13 in Polearms
  5277 | D:5      | Found a staircase to the Ecumenical Temple.
  6677 | D:6      | Reached skill level 14 in Polearms
  6677 | D:6      | Reached XP level 9. HP: 63/63 MP: 8/8
  6682 | D:6      | Reached ** piety under Hepliaklqana
  6683 | D:6      | Remembered your ancestor Vusi as a battlemage
  6959 | D:7      | Reached skill level 1 in Dodging
  7054 | D:7      | Reached skill level 1 in Throwing
  7105 | D:7      | Reached skill level 1 in Invocations
  7206 | D:7      | Found Ipnausch's Vocational Training.
  7669 | D:8      | Noticed Maggie
  7677 | D:8      | Killed Maggie
  7775 | D:8      | Noticed a two-headed ogre
  7787 | D:8      | Killed a two-headed ogre
  7788 | D:8      | Reached skill level 5 in Fighting
  7788 | D:8      | Reached skill level 5 in Armour
  8023 | D:8      | Reached *** piety under Hepliaklqana
  8049 | D:8      | Reached XP level 10. HP: 72/72 MP: 11/11
  8165 | D:8      | Found Ateanics's Tremendous Tomes.
  8247 | D:9      | Noticed an elephant
  8247 | D:9      | Found a staircase to the Lair.
  8261 | D:9      | Killed an elephant
  8495 | D:9      | Found Dioti's Armour Shop.
  8502 | D:9      | Found a staircase to the Orcish Mines.
  8503 | D:9      | Bought a +1 cloak of poison resistance for 148 gold pieces
  8902 | D:9      | Found a white marble altar of Elyvilon.
  8902 | D:9      | Found a snail-covered altar of Cheibriados.
  9110 | D:9      | Noticed a six-headed hydra
  9233 | Lair:1   | Entered Level 1 of the Lair of Beasts
  9233 | Lair:1   | Noticed a black mamba
  9239 | Lair:1   | Killed a black mamba
  9366 | Lair:1   | Reached skill level 5 in Dodging
  9370 | Lair:1   | Reached skill level 15 in Polearms
  9474 | Lair:1   | Reached XP level 11. HP: 82/82 MP: 13/13
  9517 | Lair:1   | Reached **** piety under Hepliaklqana
  9556 | Lair:1   | Found a dark tunnel.
  9556 | Lair:1   | Noticed a lindwurm
  9562 | Lair:1   | Killed a lindwurm
  9568 | Volcano  | Entered a volcano
  9577 | Volcano  | Reached skill level 5 in Throwing
  9587 | Volcano  | Reached skill level 5 in Invocations
 10114 | Volcano  | Noticed a lindwurm
 10120 | Volcano  | Killed a lindwurm
 10226 | Volcano  | Noticed a lindwurm
 10227 | Volcano  | Noticed a lindwurm
 10235 | Volcano  | Killed a lindwurm
 10238 | Volcano  | Killed a lindwurm
 10317 | Volcano  | Noticed a fire dragon
 10323 | Volcano  | Killed a fire dragon
 11640 | Lair:2   | Reached XP level 12. HP: 39/92 MP: 11/15
 11709 | Lair:2   | Reached skill level 16 in Polearms
 12071 | Lair:2   | Found a hole to the Spider Nest.
 13563 | Lair:3   | Identified a scroll of acquirement
 13563 | Lair:3   | Acquired a manual of Armour
 13755 | Lair:3   | Reached ***** piety under Hepliaklqana
 14212 | Lair:3   | Found a staircase to the Swamp.
 14546 | Lair:4   | Reached skill level 10 in Armour
 14583 | Lair:4   | Noticed Kirke
 14588 | Lair:4   | Reached skill level 17 in Polearms
 14768 | Lair:4   | Killed Kirke
 14769 | Lair:4   | Reached XP level 13. HP: 99/101 MP: 15/17
 14845 | Lair:4   | Found a staircase to the Slime Pits.
 14851 | Lair:4   | Found a viscous altar of Jiyva.
 15088 | Lair:4   | Reached skill level 10 in Fighting
 15596 | Lair:5   | Entered Level 5 of the Lair of Beasts
 15633 | Lair:5   | Noticed emiel's ghost (journeyman DsBe)
 16299 | Lair:5   | Found a runed translucent gate.
 16300 | Lair:5   | Found a runed translucent gate.
 16301 | Lair:5   | Found a runed translucent gate.
 16469 | Lair:5   | Slain by a death yak

Illustrated notes

Levels and vault maps discovered:
D:1:      mrwooster_arrival_statue_3, layout_basic, serial_co_window_serial,
          co_window_corner_a, co_window_of_opportunity_a, co_window_corner_a,
          co_window_corner_a, co_window_paths_a, co_window_paths_a,
          co_window_corner_b, co_window_unsneaky_path_c,
          co_window_unsneaky_path_a, co_window_2corner, co_window_2corner,
          glass_columns_b, glass_columns_a, serial_bayou_lake_a
D:2:      layout_basic, basic_altar, uniq_robin
D:3:      layout_loops_corners, nicolae_overflow_ecumenical_swirl,
          lemuel_tele_altar, uniq_jessica, uniq_natasha, uniq_grinder
D:4:      minmay_skewed_foursquare, layout_gridville,
          nicolae_hepliaklqana_hazy_memory, nicolae_overflow_hidden_temple,
          overflow_temple_1_default, kennysheep_pointless_box,
          nicolae_goblin_pals
D:5:      layout_cave_pools, nemelex_xobeh_ov_fountains_minmay,
          minmay_temple_entry_nine_rooms, lemuel_flame_loot_1, uniq_pikel
D:6:      layout_loops_cross, corner_web_ring, kennysheep_generic_room_9
D:7:      layout_cave_pods, nicolae_shop_vocational
D:8:      layout_cave_pools, nicolae_shop_i_like_big_books, item_on_display_a,
          uniq_maggie
D:9:      layout_loops_ring, gammafunk_temple_overflow_elements,
          david_lair_generic, orc_0_dummy, serial_shops, shop,
          onia_ninara_dug_in_and_dangerous
Lair:1:   layout_layer_cave, nicolae_volcano_entry_vermiform
Lair:2:   layout_cave_pods, hellmonk_spider_entry_life_and_decay,
          beast_lair_carwin_10
Lair:3:   layout_layer_cave, swamp_mist, lemuel_fruit_fields
Lair:4:   layout_misc_corridors, slime_entry_1, infiniplex_staircase_pool_2,
          grunt_megastairs_1, uniq_kirke
Lair:5:   grunt_lair_end_beastmaster, layout_hall_layers, gammafunk_ghost_icy,
          serial_bayou_shore_a, lemuel_fruit_tree

Skill      XL: |  1  2  3  4  5  6  7  8  9 10 11 12 13 |
---------------+----------------------------------------+-----
Polearms       | 3 4 5 6 8 9 11 14 15 17 | 17.7
Dodging        | 3 5 7 8 9 |  9.0
Fighting       | 5 7 8 9 10 | 10.5
Throwing       | 3 4 6 7 8 |  8.1
Armour         | 5 7 8 10 11 | 11.4
Invocations    | 3 4 6 7 8 |  8.1
Shields        | |  3.6

Action                     |  1- 3 |  4- 6 |  7- 9 | 10-12 | 13-15 || total
---------------------------+-------+-------+-------+-------+-------++-------
  Melee: Trident           |    93 |   101 |    76 |       |       ||   270
         Headbutt          |     4 |    16 |    24 |    49 |    15 ||   108
         Halberd           |       |       |   108 |   126 |       ||   234
         Glaive            |       |       |       |   148 |    82 ||   230
         Unarmed           |       |       |       |     1 |       ||     1
   Fire: Sling             |       |     5 |       |       |       ||     5
  Throw: Dart              |       |       |    17 |     4 |       ||    21
         Boomerang         |       |       |     2 |    34 |    17 ||    53
 Invoke: Recall Ancestor   |       |       |     1 |     1 |       ||     2
         Ancestor Life: Ba |       |       |     1 |       |       ||     1
         Idealise          |       |       |       |     1 |     1 ||     2
  Evoke: Phial of floods   |       |       |       |       |     1 ||     1
    Use: Scroll            |       |     6 |    11 |     9 |     3 ||    29
         Potion            |       |       |     1 |     1 |     1 ||     3
   Stab: Distracted        |       |       |     5 |    12 |     1 ||    18
 Armour: Scale mail        |     4 |       |       |       |       ||     4
         Chain mail        |    33 |    47 |    53 |    48 |       ||   181
         Fire dragon scale |       |       |       |    29 |    12 ||    41
  Dodge: Dodged            |    16 |    25 |    52 |   116 |    45 ||   254
  Block: Buckler           |     9 |    23 |     7 |       |       ||    39
         Other             |       |       |       |       |     3 ||     3
